 Dungeon Crawl Stone Soup version 0.19.5 (webtiles) character file.

4991 spiff the Tainter (level 10, -2/67 HPs)
             Began as a Mummy Venom Mage on Apr 5, 2017.
             Was an Initiate of Gozag.
             Slain by a warg (5 damage)
             ... on level 8 of the Dungeon.
             The game lasted 00:32:45 (12737 turns).

spiff the Tainter (Mummy Venom Mage)               Turns: 12737, Time: 00:32:46

Health: -2/67      AC: 12    Str: 13    XL:     10   Next: 29%
Magic:  15/28      EV: 11    Int: 17    God:    Gozag
Gold:   447        SH:  4    Dex: 12    Spells: 3 memorised, 13 levels left

rFire  . . .     SeeInvis .     e - +3 hand axe (vamp)
rCold  . . .     Gourm    .     r - +5 ring mail "Ozaqossu" {rPois MR+}
rNeg   + + +     Faith    .     (no shield)
rPois  ∞         Spirit   .     (no helmet)
rElec  .         Reflect  +     (no cloak)
rCorr  .         Harm     .     g - +1 pair of gloves
MR     ++...                    (no boots)
Stlth  +.........               l - +4 amulet of reflection
                                s - ring of fire
                                d - ring of magical power

@: no status effects
A: no food or potions, fire vulnerability, cold resistance 1, negative energy
resistance 3, torment resistance, unbreathing
a: Potion Petition, Call Merchant, Bribe Branch, Renounce Religion


You were on level 8 of the Dungeon.
You worshipped Gozag.
Gozag was aware of your devotion.
You were not hungry.

You visited 1 branch of the dungeon, and saw 8 of its levels.

You collected 994 gold pieces.
You paid 547 gold pieces to Gozag.

Inventory:

Hand Weapons
 e - a +3 vampiric hand axe (weapon)
 o - a +0 whip of freezing
Missiles
 h - 2 throwing nets (quivered)
Armour
 a - a +0 robe
 g - a +1 pair of gloves (worn)
 m - a +2 robe of magic resistance
 r - the +5 ring mail "Ozaqossu" (worn) {rPois MR+}
   (You found it on level 7 of the Dungeon)

   It protects you from poison.
   It affects your resistance to hostile enchantments.
Jewellery
 d - a ring of magical power (left hand)
 f - an uncursed ring of flight
 l - a +4 amulet of reflection (around neck)
 s - a ring of fire (right hand)
Wands
 n - a wand of paralysis (15/24)
 p - a wand of lightning (5/15)
 q - a wand of confusion (12/48)
Scrolls
 c - 3 scrolls of enchant weapon
 i - 2 scrolls of enchant armour
 j - 3 scrolls of identify
 k - 2 scrolls of remove curse
Books
 b - a Young Poisoner's Handbook

   Spells                             Type                      Level
   a - Sting                          Conjuration/Poison           1
   b - Mephitic Cloud                 Conjuration/Poison/Air       3
   c - Olgreb's Toxic Radiance        Poison                       4
   d - Alistair's Intoxication        Transmutation/Poison         5
   e - Venom Bolt                     Conjuration/Poison           5


   Skills:
 - Level 1.9 Fighting
 - Level 2.1 Dodging
 - Level 1.5 Stealth
 - Level 6.0 Spellcasting
 + Level 8.1 Conjurations
 + Level 8.8 Poison Magic


You had 13 spell levels left.
You knew the following spells:

 Your Spells              Type           Power        Failure   Level  Hunger
a - Sting                 Conj/Pois      ####         1%          1    N/A
b - Mephitic Cloud        Conj/Pois/Air  ###.....     10%         3    N/A
c - Olgreb's Toxic Radia  Pois           #####...     10%         4    N/A

Dungeon Overview and Level Annotations

Branches:
Dungeon (8/15)             Temple (0/1) D:5            Lair (0/6) D:8

Altars:
Dithmenos
Gozag
Hepliaklqana
Okawaru
Yredelemnul

Shops:
D:4 *   D:5 *

Annotations:
D:3 North's ghost, amateur SpEn


Innate Abilities, Weirdness & Mutations

You do not eat or drink.
Your flesh is vulnerable to fire.
You are immune to poison.
Your flesh is cold resistant. (rC+)
You are immune to negative energy. (rN+++)
You are immune to unholy pain and torment.
You can survive without breathing.


Message History

You are too injured to fight recklessly!
You are too injured to fight recklessly!
You are too injured to fight recklessly!
You closely miss the warg.
The warg is moderately wounded.
The warg bites you but does no damage. The warg bites you!
* * * LOW HITPOINT WARNING * * *
You hit the warg.
The warg is heavily wounded.
The warg bites you!
* * * LOW HITPOINT WARNING * * *
You block the warg's attack.
You hit the warg.
The warg is severely wounded.
The warg barely misses you.
You slash the warg!
You feel better.
The warg is almost dead.
The warg bites you.
You die...
Your body crumbles into a pile of gold.

..# ..#
##...###.###..##
##.....##........
#..P....#........
##....)..#<.......
#.................
##.................
####
#...$.>$$..........
...###
###.h@...............
##....
.......................
......
....###.......######.#.
#####. ... #.......#
#.# ###... .
##..(..######..#
....###. ###
###..)###.....##
...#... ##<##
#.....)<.......#
.......
#...#.......>.(.[[....
....#
#.♣.######.##[[.......


You could see a warg.

Vanquished Creatures
  Pikel (D:8)
  Psyche (D:8)
  A hippogriff (D:7)
  Sigmund (D:3)
  A human (D:7)
  4 hogs (D:7)
  2 wargs (D:7)
  A water moccasin (D:6)
  2 orc warriors
  A sky beast (D:5)
  An ice beast (D:7)
  A phantom (D:8)
  4 slaves (D:8)
  5 ogres
  4 centaurs
  A gnoll sergeant (D:7)
  4 bullfrogs
  A water moccasin zombie (D:3)
  A scorpion (D:7)
  4 killer bees (D:8)
  A jelly (D:5)
  4 howler monkeys
  A centaur zombie (D:6)
  A bullfrog zombie (D:7)
  A hound (D:7)
  5 orc priests
  A centaur skeleton (D:4)
  Terence (D:3)
  Jessica (D:2)
  2 iguanas
  8 orc wizards
  3 worker ants
  A hound skeleton (D:8)
  10 adders
  11 gnolls
  2 oozes (D:5)
  An adder skeleton (D:6)
  3 worms (D:2)
  A dart slug (D:4)
  3 leopard geckos
  34 orcs
  5 bats (D:2)
  5 giant cockroaches
  3 goblins
  5 hobgoblins
  13 jackals
  4 quokkas
  5 frilled lizards
  A jackal zombie (D:7)
  10 kobolds
  8 rats
195 creatures vanquished.

Vanquished Creatures (others)
  A centaur (D:8)
  A crimson imp (D:8)
  An orc priest (D:8)
  A gnoll (D:7)
4 creatures vanquished.

Grand Total: 199 creatures vanquished

Notes
Turn   | Place    | Note
-------+----------+-------------------------------------------
     0 | D:1      | spiff the Mummy Venom Mage began the quest for the Orb.
     0 | D:1      | Reached XP level 1. HP: 13/13 MP: 3/3
   281 | D:1      | Reached XP level 2. HP: 7/19 MP: 3/5
   575 | D:1      | Reached skill level 1 in Conjurations
  1147 | D:2      | Reached XP level 3. HP: 24/24 MP: 6/6
  1541 | D:2      | Reached XP level 4. HP: 28/30 MP: 8/8
  1862 | D:2      | Noticed Jessica
  1875 | D:2      | Learned a level 3 spell: Mephitic Cloud
  1884 | D:2      | Killed Jessica
  2160 | D:2      | Reached XP level 5. HP: 18/35 MP: 7/10
  2525 | D:3      | Found a shadowy altar of Dithmenos.
  2554 | D:3      | Noticed North's ghost (amateur SpEn)
  3187 | D:3      | Noticed Sigmund
  3195 | D:3      | Killed Sigmund
  3195 | D:3      | Reached XP level 6. HP: 41/41 MP: 10/12
  3366 | D:3      | Noticed Terence
  3386 | D:3      | Killed Terence
  3973 | D:3      | Reached XP level 7. HP: 46/46 MP: 11/13
  4042 | D:3      | Found an iron altar of Okawaru.
  5318 | D:4      | Found Caschot's Assorted Antiques.
  5604 | D:5      | Entered Level 5 of the Dungeon
  5692 | D:5      | Found Gozag's Platinum Reserve.
  5694 | D:5      | Found an opulent altar of Gozag.
  5903 | D:5      | Reached skill level 5 in Poison Magic
  6012 | D:5      | Became a worshipper of Gozag Ym Sagoz the Greedy
  6169 | D:5      | Found a hazy altar of Hepliaklqana.
  6209 | D:5      | Found a staircase to the Ecumenical Temple.
  6417 | D:5      | Reached skill level 5 in Spellcasting
  7266 | D:5      | Reached XP level 8. HP: 52/52 MP: 11/16
  7575 | D:6      | Found a basalt altar of Yredelemnul.
  8759 | D:7      | Reached skill level 5 in Conjurations
  9206 | D:7      | Reached skill level 1 in Fighting
  9384 | D:7      | Learned a level 4 spell: Olgreb's Toxic Radiance
  9599 | D:7      | Got an ancient ring mail
  9610 | D:7      | Identified the +5 ring mail "Ozaqossu" {rPois MR+} (You found it on level 7 of the Dungeon)
 10003 | D:7      | Reached XP level 9. HP: 48/61 MP: 16/18
 10818 | D:8      | Found a staircase to the Lair.
 10925 | D:8      | Noticed Pikel
 10926 | D:8      | Noticed Psyche
 10937 | D:8      | Killed Pikel
 10938 | D:8      | Killed Psyche
 11371 | D:8      | Reached XP level 10. HP: 59/67 MP: 6/19
 11961 | D:7      | HP: 3/67 [ice beast (12)]
 12383 | D:8      | Found a basalt altar of Yredelemnul.
 12735 | D:8      | HP: 2/67 [warg (8)]
 12737 | D:8      | Slain by a warg

Skill      XL: |  1  2  3  4  5  6  7  8  9 10 |
---------------+-------------------------------+-----
Conjurations   | 1 2 3 4 5 7 8 |  8.1
Spellcasting   | 3 4 5 6 |  6.0
Poison Magic   | 4 5 6 8 |  8.8
Fighting       | 1 |  1.9
Dodging        | 2 |  2.1
Stealth        | |  1.5

Action                   |  1- 3 |  4- 6 |  7- 9 | 10-12 || total
-------------------------+-------+-------+-------+-------++-------
Melee: Unarmed           |     1 |       |       |       ||     1
       Hand axe          |     7 |    29 |    92 |    70 ||   198
 Cast: Sting             |    93 |   121 |   268 |   106 ||   588
       Mephitic Cloud    |       |    13 |    43 |    10 ||    66
       Olgreb's Toxic Ra |       |       |    13 |     2 ||    15
Invok: Potion Petition   |       |       |     1 |     1 ||     2
  Use: Scroll            |     2 |       |    10 |       ||    12
 Stab: Confused          |       |       |     2 |       ||     2
       Distracted        |       |       |     1 |       ||     1
       Sleeping          |       |       |     1 |       ||     1
Armor: Robe              |     9 |    10 |    14 |       ||    33
       Ring mail         |       |       |    32 |    29 ||    61
Dodge: Dodged            |    29 |    31 |   136 |    58 ||   254
Block: Other             |     2 |    12 |    34 |    26 ||    74
       Reflection        |       |     2 |     2 |     2 ||     6
